 Dungeon Crawl Stone Soup version 0.21-a0-450-gd87a9b2 (webtiles) character file.

23 Laiders the Chopper (level 2, -7/26 HPs)
             Began as a Hill Orc Fighter on Nov 19, 2017.
             Mangled by Natasha (8 damage)
             ... on level 2 of the Dungeon.
             The game lasted 00:01:35 (703 turns).

Laiders the Chopper (Hill Orc Fighter)               Turns: 703, Time: 00:01:36

Health: -7/26      AC:  6    Str: 18    XL:     2   Next: 95%
Magic:  2/2        EV:  7    Int:  8    God:
Gold:   84         SH:  9    Dex: 10    Spells: 1/1 levels left

rFire    . . .     SeeInvis .   a - +0 war axe
rCold    . . .     Gourm    .   c - +0 shield
rNeg     . . .     Faith    .   b - +0 scale mail
rPois    .         Spirit   .   (no helmet)
rElec    .         Reflect  .   (no cloak)
rCorr    .         Harm     .   (no gloves)
MR       .....                  (no boots)
Stlth    ..........             (no amulet)
HPRegen  0.08/turn              (no ring)
MPRegen  0.08/turn              (no ring)

@: slowed, very slow
A: no striking features
a: no special abilities


You were on level 2 of the Dungeon.
You were not hungry.

You visited 1 branch of the dungeon, and saw 2 of its levels.

You collected 84 gold pieces.

Inventory:

Hand Weapons
 a - a +0 war axe (weapon)
Armour
 b - a +0 scale mail (worn)
 c - a +0 shield (worn)
Jewellery
 g - a cursed ring of teleportation {unknown}
Scrolls
 e - a scroll of identify {unknown}
 i - 2 scrolls of teleportation {unknown}
 j - 3 scrolls of magic mapping {unknown}
 k - a scroll of fear {unknown}
Potions
 d - a potion of might
 h - a potion of agility {unknown}
 l - a potion of degeneration {unknown}
Comestibles
 f - 2 bread rations


   Skills:
 - Level 3.6 Fighting
 + Level 4.5 Axes
 - Level 3.2 Armour
 - Level 3.2 Shields


You had one spell level left.
You didn't know any spells.

Dungeon Overview and Level Annotations

Branches:
Dungeon (2/15)

Altars:

Annotations:
D:2 Natasha


Message History

Natasha extends her claws.
Natasha claws you! The worm bites you.
* * * LOW HITPOINT WARNING * * *
Your shield and scale mail prevent you from hitting Natasha.
Natasha is severely wounded.
You slash the worm!
Natasha mewls in sadness.
Natasha claws you but does no damage. The worm closely misses you.
Okay, then.
You closely miss Natasha.
Natasha is severely wounded.
You hit the worm. You block Natasha's attack. Natasha barely misses you.
You miss Natasha.
Natasha is heavily wounded.
You barely miss the worm. The worm bites you.
* * * LOW HITPOINT WARNING * * *
Natasha stares at you and mumbles some strange words.
You feel yourself slow down. Natasha claws you!
You die...

#... ..# ####....
#.#. ..#...#
...### #.#...# #
#.#.... .....##.#
......##........
#..(.........
#..@h.......
#.<.w.#.....
#................
..##.............
#.............
#.#......####.
#.#........
............ ..
..........


You could see a worm and Natasha.

Vanquished Creatures
  A dart slug (D:1)
  A ball python (D:1)
  A giant cockroach (D:1)
  3 goblins (D:1)
  4 hobgoblins (D:1)
  A bat (D:1)
  A frilled lizard (D:1)
  4 kobolds (D:1)
  2 rats (D:1)
  A plant (D:1)
19 creatures vanquished.

Notes
Turn   | Place    | Note
-------+----------+-------------------------------------------
     0 | D:1      | Laiders the Hill Orc Fighter began the quest for the Orb.
     0 | D:1      | Reached XP level 1. HP: 19/19 MP: 1/1
    18 | D:1      | Reached skill level 3 in Axes
   199 | D:1      | Reached XP level 2. HP: 24/26 MP: 2/2
   247 | D:1      | Reached skill level 4 in Axes
   693 | D:2      | Noticed Natasha
   702 | D:2      | HP: 1/26 [worm (4)]
   703 | D:2      | Mangled by Natasha

Vault maps used:
D:1:      dpeg_arrival_tiny_a, serial_forest, infiniplex_forest_straight_3,
          infiniplex_forest_clump_large, infiniplex_forest_zigzag_1,
          infiniplex_forest_straight_2, infiniplex_forest_clump_double,
          infiniplex_forest_end_2, infiniplex_forest_corner_1,
          infiniplex_forest_straight_1, infiniplex_forest_clump_tiny,
          minmay_pentomino_u2
D:2:      first_bread, uniq_natasha

Skill      XL: |  1  2 |
---------------+-------+-----
Axes           | 3 4 |  4.5
Fighting       | |  3.6
Armour         | |  3.2
Shields        | |  3.2

Action                   || total
-------------------------++-------
Melee: War axe           ||    68
Armor: Scale mail        ||    27
Dodge: Dodged            ||    15
Block: Shield            ||    30

Table legend:
 A = Spawn XP
 B = Non-spawn XP
 C = Spawn XP percentage of total XP
 D = Spawn monster count
 E = Non-spawn monster count
 F = Spawn count percentage of total count
 G = Total turns spent on level
                    A         B        C        D         E        F      G
               +---------+---------+-------+---------+---------+-------+---------
         Total |       0 |      33 |   0.0 |       0 |      18 |   0.0 |   703
               +---------+---------+-------+---------+---------+-------+---------
           D:1 |       0 |      33 |   0.0 |       0 |      18 |   0.0 |   693
               +---------+---------+-------+---------+---------+-------+---------
